TOP OF THE 1ST |
Irving Blue Sox batting - Pitching for Phoenix Hotspur Youth : LHP Cobus Reijnen
|
Pitching: LHP Cobus Reijnen
|
|
Batting: RHB Wessel Wemerman
|
0-0: Bunt for hit - play at first, batter OUT! 1-3
|
Batting: RHB António Canales
|
0-0: Ground out 1-3 (Groundball, 13)
|
Batting: RHB Theron Hammond
|
0-0: Ball 1-0: Called Strike 1-1: Foul Ball, location: 2F 1-2: Ground out 6-3 (Groundball, 56D)
|
Top of the 1st over - 0 run(s), 0 hit(s), 0 error(s), 0 left on base; Irving 0 - Phoenix Hotspur 0 |
BOTTOM OF THE 1ST |
Phoenix Hotspur Youth batting - Pitching for Irving Blue Sox : RHP Gonzalo Montés
|
Pitching: RHP Gonzalo Montés
|
|
Batting: RHB Pierre Bernard
|
0-0: Ball 1-0: Swinging Strike 1-1: Ball 2-1: Fly out, F9 (Flyball, 9S)
|
Batting: RHB Carl Tucker
|
0-0: Called Strike 0-1: Foul Ball, location: 2F 0-2: Foul Ball, location: 2F 0-2: Ground out 6-3 (Groundball, 6)
|
Batting: LHB Roberto Fierro
|
0-0: Ball 1-0: Fly out, F5 (Line Drive, 56S)
|
Bottom of the 1st over - 0 run(s), 0 hit(s), 0 error(s), 0 left on base; Irving 0 - Phoenix Hotspur 0 |
TOP OF THE 2ND |
Irving Blue Sox batting - Pitching for Phoenix Hotspur Youth : LHP Cobus Reijnen
|
Batting: LHB Jim Unknown
|
0-0: Ground out 6-3 (Groundball, 6)
|
Batting: LHB Ricardo Ríos
|
0-0: Ball 1-0: Ball 2-0: Called Strike 2-1: Swinging Strike 2-2: Foul Ball, location: 2F 2-2: Foul Ball, location: 2F 2-2: Ball 3-2: Foul Ball, location: 2F 3-2: Foul Ball, location: 2F 3-2: Base on Balls
|
Batting: LHB José Zarate
|
0-0: Swinging Strike 0-1: Foul Ball, location: 2F 0-2: Ball 1-2: Ball 2-2: Strikes out looking
|
Batting: RHB Nicholas Manley
|
0-0: Ball 1-0: Foul Ball, location: 2F 1-1: Fly out, F7 (Flyball, 7LS)
|
Top of the 2nd over - 0 run(s), 0 hit(s), 0 error(s), 1 left on base; Irving 0 - Phoenix Hotspur 0 |
BOTTOM OF THE 2ND |
Phoenix Hotspur Youth batting - Pitching for Irving Blue Sox : RHP Gonzalo Montés
|
Batting: RHB Takashi Miike
|
0-0: Swinging Strike 0-1: Ball 1-1: Ball 2-1: Foul Ball, location: 2F 2-2: Foul Ball, location: 2F 2-2: Foul Ball, location: 2F 2-2: Ball 3-2: Strikes out swinging
|
Batting: RHB David Rivas
|
0-0: Ground out U3 (Groundball, 34)
|
Batting: LHB António Escalante
|
0-0: Called Strike 0-1: Called Strike 0-2: Strikes out looking
|
Bottom of the 2nd over - 0 run(s), 0 hit(s), 0 error(s), 0 left on base; Irving 0 - Phoenix Hotspur 0 |
TOP OF THE 3RD |
Irving Blue Sox batting - Pitching for Phoenix Hotspur Youth : LHP Cobus Reijnen
|
Batting: RHB Carlos Ramírez
|
0-0: Called Strike 0-1: Ball 1-1: Ball 2-1: Called Strike 2-2: Foul Ball, location: 2F 2-2: Reached on error, E6 (Groundball, 56)
|
Batting: SHB Lúcio Gonzáles
|
0-0: Swinging Strike 0-1: Ball 1-1: Ball 2-1: Foul Ball, location: 2F 2-2: Ball Pickoff Throw by Catcher to First - Error! E2 Carlos Ramírez to second 3-2: Ground out 4-3 (Groundball, 4) Carlos Ramírez to third
|
Batting: RHB Wessel Wemerman
|
0-0: Called Strike 0-1: Ball 1-1: Foul Ball, location: 2F 1-2: Foul Ball, location: 2F 1-2: Ground out 5-3 (Groundball, 56) Carlos Ramírez scores
|
Batting: RHB António Canales
|
0-0: Called Strike 0-1: Swinging Strike 0-2: Ground out 6-3 (Groundball, 6)
|
Top of the 3rd over - 1 run(s), 0 hit(s), 2 error(s), 0 left on base; Irving 1 - Phoenix Hotspur 0 |
BOTTOM OF THE 3RD |
Phoenix Hotspur Youth batting - Pitching for Irving Blue Sox : RHP Gonzalo Montés
|
Batting: RHB Hieronymus Bosch
|
0-0: Called Strike 0-1: Ball 1-1: Swinging Strike 1-2: Fly out, F9 (Flyball, 9S)
|
Batting: RHB Enrico Sánchez
|
0-0: Ground out 3-1 (Groundball, 34S)
|
Batting: RHB Edolf Middehof
|
0-0: Called Strike 0-1: Ball 1-1: DOUBLE (Line Drive, 9LM) - OUT at third base trying to stretch hit.
|
Bottom of the 3rd over - 0 run(s), 1 hit(s), 0 error(s), 0 left on base; Irving 1 - Phoenix Hotspur 0 |
TOP OF THE 4TH |
Irving Blue Sox batting - Pitching for Phoenix Hotspur Youth : LHP Cobus Reijnen
|
Batting: RHB Theron Hammond
|
0-0: Ground out 5-3 (Groundball, 56)
|
Batting: LHB Jim Unknown
|
0-0: Foul Ball, location: 2F 0-1: Ground out 4-3 (Groundball, 4)
|
Batting: LHB Ricardo Ríos
|
0-0: Ball 1-0: Called Strike 1-1: Ground out 3-1 (Groundball, 34)
|
Top of the 4th over - 0 run(s), 0 hit(s), 0 error(s), 0 left on base; Irving 1 - Phoenix Hotspur 0 |
BOTTOM OF THE 4TH |
Phoenix Hotspur Youth batting - Pitching for Irving Blue Sox : RHP Gonzalo Montés
|
Batting: RHB Pierre Bernard
|
0-0: Ball 1-0: Ball 2-0: Called Strike 2-1: Fly out, F7 (Line Drive, 7)
|
Batting: RHB Carl Tucker
|
0-0: Ground out U3 (Groundball, 3S)
|
Batting: LHB Roberto Fierro
|
0-0: Called Strike 0-1: Swinging Strike 0-2: Fly out, F7 (Flyball, 7)
|
Bottom of the 4th over - 0 run(s), 0 hit(s), 0 error(s), 0 left on base; Irving 1 - Phoenix Hotspur 0 |
TOP OF THE 5TH |
Irving Blue Sox batting - Pitching for Phoenix Hotspur Youth : LHP Cobus Reijnen
|
Batting: LHB José Zarate
|
0-0: Ball 1-0: Called Strike 1-1: Ball 2-1: Foul Ball, location: 2F 2-2: Strikes out swinging
|
Batting: RHB Nicholas Manley
|
0-0: Ball 1-0: Ball 2-0: Called Strike 2-1: Foul Ball, location: 2F 2-2: Ball 3-2: Foul Ball, location: 2F 3-2: Strikes out swinging, 2-3 out at first.
|
Batting: RHB Carlos Ramírez
|
0-0: Ball 1-0: Called Strike 1-1: Swinging Strike 1-2: Strikes out swinging
|
Top of the 5th over - 0 run(s), 0 hit(s), 0 error(s), 0 left on base; Irving 1 - Phoenix Hotspur 0 |
BOTTOM OF THE 5TH |
Phoenix Hotspur Youth batting - Pitching for Irving Blue Sox : RHP Gonzalo Montés
|
Batting: RHB Takashi Miike
|
0-0: Fly out, F8 (Flyball, 89M)
|
Batting: RHB David Rivas
|
0-0: Ball 1-0: Foul Ball, location: 2F 1-1: Ball 2-1: Ball 3-1: Called Strike 3-2: Base on Balls
|
Batting: LHB António Escalante
|
0-0: Ball 1-0: Fly out, F7 (Flyball, 78XD)
|
Batting: RHB Hieronymus Bosch
|
0-0: Ball 1-0: Called Strike David Rivas steals 2nd base 1-1: Ball 2-1: Foul Ball, location: 2F 2-2: Foul Ball, location: 2F 2-2: Strikes out looking
|
Bottom of the 5th over - 0 run(s), 0 hit(s), 0 error(s), 1 left on base; Irving 1 - Phoenix Hotspur 0 |
TOP OF THE 6TH |
Irving Blue Sox batting - Pitching for Phoenix Hotspur Youth : LHP Cobus Reijnen
|
Batting: SHB Lúcio Gonzáles
|
0-0: Ground out 6-3 (Groundball, 6)
|
Batting: RHB Wessel Wemerman
|
0-0: SINGLE (Groundball, 56D)
|
Batting: RHB António Canales
|
0-0: Called Strike 0-1: Ball 1-1: Foul Ball, location: 2F 1-2: Foul Ball, location: 2F 1-2: Ball 2-2: Strikes out swinging
|
Batting: RHB Theron Hammond
|
0-0: Called Strike 0-1: Ball 1-1: Ball 2-1: Ball 3-1: Fielders Choice at 2nd, 6-4 (Groundball, 6)
|
Top of the 6th over - 0 run(s), 1 hit(s), 0 error(s), 0 left on base; Irving 1 - Phoenix Hotspur 0 |
BOTTOM OF THE 6TH |
Phoenix Hotspur Youth batting - Pitching for Irving Blue Sox : RHP Gonzalo Montés
|
Batting: RHB Enrico Sánchez
|
0-0: Ball 1-0: Ball 2-0: Called Strike 2-1: Foul Ball, location: 2F 2-2: Ball 3-2: Strikes out looking
|
Batting: RHB Edolf Middehof
|
0-0: Ball 1-0: Called Strike 1-1: Ball 2-1: Fly out, F8 (Flyball, 8LM)
|
Batting: RHB Pierre Bernard
|
0-0: Ground out 4-3 (Groundball, 4M)
|
Bottom of the 6th over - 0 run(s), 0 hit(s), 0 error(s), 0 left on base; Irving 1 - Phoenix Hotspur 0 |
TOP OF THE 7TH |
Irving Blue Sox batting - Pitching for Phoenix Hotspur Youth : LHP Cobus Reijnen
|
Batting: LHB Jim Unknown
|
0-0: Ball 1-0: Called Strike 1-1: Ball 2-1: DOUBLE (Line Drive, 78XD)
|
Pinch Hitting: RHB Christovão Galho
|
0-0: Called Strike 0-1: Ball 1-1: Called Strike 1-2: Ball 2-2: Ball 3-2: Base on Balls
|
Pinch Hitting: RHB Alfredo Chávez
|
0-0: Bunted foul 0-1: Sac Bunt - play at first, batter OUT! 1-4 Jim Unknown to third Christovão Galho to second
|
Batting: RHB Nicholas Manley
|
0-0: Ball 1-0: Ball 2-0: Called Strike 2-1: Fly out, F8 (Flyball, 89M) Runner from 3rd tags up, SCORES, no throw
|
Batting: RHB Carlos Ramírez
|
0-0: Ball 1-0: Hit by Pitch
|
Batting: SHB Lúcio Gonzáles
|
0-0: Ball 1-0: Ball 2-0: Called Strike 2-1: Foul Ball, location: 2F 2-2: SINGLE (Groundball, 56D) Christovão Galho to third Carlos Ramírez to second Runner from 3rd tries for Home, SAFE, no throw
|
Pitching: RHP Ty McDaniel
|
|
Batting: RHB Wessel Wemerman
|
0-0: Ball 1-0: Called Strike 1-1: Swinging Strike 1-2: Strikes out swinging
|
Top of the 7th over - 2 run(s), 2 hit(s), 0 error(s), 2 left on base; Irving 3 - Phoenix Hotspur 0 |
BOTTOM OF THE 7TH |
Phoenix Hotspur Youth batting - Pitching for Irving Blue Sox : RHP Gonzalo Montés
|
Now at SS: Christovão Galho
|
|
Now in LF: Alfredo Chávez
|
|
Batting: RHB Carl Tucker
|
0-0: Ball 1-0: Reached on error, E3 (Groundball, 34)
|
Batting: LHB Roberto Fierro
|
0-0: Swinging Strike 0-1: Foul Ball, location: 2F 0-2: Foul Ball, location: 2F 0-2: Strikes out looking
|
Pitching: RHP Martin Besnier
|
|
Batting: RHB Takashi Miike
|
0-0: Ball 1-0: Called Strike 1-1: Foul Ball, location: 2F 1-2: Strikes out looking
|
Batting: RHB David Rivas
|
0-0: Called Strike 0-1: Foul Ball, location: 2F 0-2: Ground out 5-3 (Groundball, 56S)
|
Bottom of the 7th over - 0 run(s), 0 hit(s), 1 error(s), 1 left on base; Irving 3 - Phoenix Hotspur 0 |
TOP OF THE 8TH |
Irving Blue Sox batting - Pitching for Phoenix Hotspur Youth : RHP Ty McDaniel
|
Batting: RHB António Canales
|
0-0: Swinging Strike 0-1: Swinging Strike 0-2: Fly out, F8 (Flyball, 8LS)
|
Batting: RHB Theron Hammond
|
0-0: Called Strike 0-1: Ball 1-1: Ball 2-1: Fly out, F9 (Flyball, 89M)
|
Batting: LHB Jim Unknown
|
0-0: Called Strike 0-1: Ball 1-1: Foul Ball, location: 2F 1-2: Ball 2-2: SINGLE (Groundball, 4MD)
|
Batting: RHB Christovão Galho
|
0-0: Foul Ball, location: 2F 0-1: Swinging Strike 0-2: Ball 1-2: Ball 2-2: Ball 3-2: Fly out, F9 (Flyball, 9S)
|
Top of the 8th over - 0 run(s), 1 hit(s), 0 error(s), 1 left on base; Irving 3 - Phoenix Hotspur 0 |
BOTTOM OF THE 8TH |
Phoenix Hotspur Youth batting - Pitching for Irving Blue Sox : RHP Martin Besnier
|
Batting: LHB António Escalante
|
0-0: Ball 1-0: Ball 2-0: Called Strike 2-1: Ball 3-1: Base on Balls
|
Pitching: RHP Anastasio Enríquez
|
|
Batting: RHB Hieronymus Bosch
|
0-0: Ball 1-0: Ball 2-0: Ball 3-0: Swinging Strike 3-1: SINGLE (Groundball, 6MD) António Escalante to second
|
Batting: RHB Enrico Sánchez
|
0-0: Ball 1-0: Ball 2-0: Grounds into double play, 4-6-3 (Groundball, 4) António Escalante to third
|
Batting: RHB Edolf Middehof
|
0-0: Foul Ball, location: 2F 0-1: Called Strike 0-2: Ball 1-2: Strikes out looking
|
Bottom of the 8th over - 0 run(s), 1 hit(s), 0 error(s), 1 left on base; Irving 3 - Phoenix Hotspur 0 |
TOP OF THE 9TH |
Irving Blue Sox batting - Pitching for Phoenix Hotspur Youth : RHP Ty McDaniel
|
Batting: RHB Alfredo Chávez
|
0-0: SINGLE (Line Drive, 34)
|
Batting: RHB Nicholas Manley
|
0-0: Ball 1-0: Foul Ball, location: 2F 1-1: Foul Ball, location: 2F 1-2: Ball 2-2: Grounds into double play, 4-6-3 (Groundball, 4)
|
Batting: RHB Carlos Ramírez
|
0-0: Swinging Strike 0-1: Fly out, F4 (Popup, 4D)
|
Top of the 9th over - 0 run(s), 1 hit(s), 0 error(s), 0 left on base; Irving 3 - Phoenix Hotspur 0 |
BOTTOM OF THE 9TH |
Phoenix Hotspur Youth batting - Pitching for Irving Blue Sox : RHP Anastasio Enríquez
|
Pitching: RHP Jon Schultz
|
|
Batting: RHB Pierre Bernard
|
0-0: Fly out, F9 (Flyball, 89S)
|
Batting: RHB Carl Tucker
|
0-0: Called Strike 0-1: Ball 1-1: Ball 2-1: SINGLE (Flyball, 9S)
|
Batting: LHB Roberto Fierro
|
0-0: SINGLE (Flyball, 7LS) Carl Tucker to second
|
Batting: RHB Takashi Miike
|
0-0: Ground out 5-3 (Groundball, 56S) Carl Tucker to third Roberto Fierro to second
|
Pinch Hitting: LHB Ricardo Peña
|
0-0: Foul Ball, location: 2F 0-1: Foul Ball, location: 2F 0-2: Ball 1-2: Ground out 4-3 (Groundball, 34)
|
Bottom of the 9th over - 0 run(s), 2 hit(s), 0 error(s), 2 left on base; Irving 3 - Phoenix Hotspur 0 |
|